Dernière mise à jour: 2025-12-07 16:11:59
% Time on Ice - KELOWNA ROCKETS
Lines # - Real PCT - Wanted PCT - Time Play
Normal Forward
1 - 31% - 36% - 15:08
2 - 33% - 36% - 15:39
3 - 23% - 28% - 11:02
4 - 13% - 0% - 6:17
Normal Defense
1 - 37% - 37% - 17:34
2 - 35% - 35% - 16:36
3 - 28% - 28% - 13:19
4 - 1% - 0% - 0:37
PP Forward
1 - 45% - 60% - 2:42
2 - 55% - 40% - 3:15
PP Defense
1 - 50% - 70% - 2:58
2 - 50% - 30% - 2:59
PK Forward
1 - 82% - 60% - 4:53
2 - 18% - 40% - 1:04
PK Defense
1 - 46% - 50% - 2:43
2 - 54% - 50% - 3:14
PK3 Forward
1 - 0% - 50%
2 - 0% - 50%
PK3 Defense
1 - 0% - 50%
2 - 0% - 50%
44 Forward
1 - 0% - 50%
2 - 0% - 50%
44 Defense
1 - 0% - 50%
2 - 0% - 50%
Last Minute Offensive  - 0:00
Last Minute Defensive  - 0:00
Total
Forward - 60:00
Defense - 60:00
% Time on Ice - CALGARY FIREMEN
Lines # - Real PCT - Wanted PCT - Time Play
Normal Forward
1 - 33% - 36% - 15:50
2 - 33% - 31% - 15:46
3 - 29% - 23% - 13:53
4 - 5% - 10% - 2:37
Normal Defense
1 - 37% - 36% - 17:47
2 - 32% - 31% - 15:33
3 - 28% - 23% - 13:15
4 - 3% - 10% - 1:31
PP Forward
1 - 59% - 55% - 3:30
2 - 41% - 45% - 2:27
PP Defense
1 - 41% - 55% - 2:26
2 - 59% - 45% - 3:31
PK Forward
1 - 63% - 55% - 3:45
2 - 37% - 45% - 2:12
PK Defense
1 - 53% - 55% - 3:09
2 - 47% - 45% - 2:48
PK3 Forward
1 - 0% - 55%
2 - 0% - 45%
PK3 Defense
1 - 0% - 55%
2 - 0% - 45%
44 Forward
1 - 0% - 55%
2 - 0% - 45%
44 Defense
1 - 0% - 55%
2 - 0% - 45%
Last Minute Offensive  - 0:00
Last Minute Defensive  - 0:00
Total
Forward - 60:00
Defense - 60:00
Play-by-Play 1st period 0:01 of 1st period - Auston Matthews wins face-off versus Calle Jarnkrok in neutral zone. 0:08 of 1st period - Off-side. 0:09 of 1st period - Jack Drury wins face-off versus Oskar Sundqvist in neutral zone. 0:30 of 1st period - Icing by Oskar Sundqvist. 0:31 of 1st period - Ryan Johansen wins face-off versus Oskar Sundqvist in KELOWNA ROCKETS zone. 0:41 of 1st period - Gustav Lindstrom is hit by Dakota Mermis and loses puck. 1:06 of 1st period - Off-side. 1:07 of 1st period - Auston Matthews wins face-off versus Andrew Copp in neutral zone. 1:07 of 1st period - Auston Matthews is hit by Mason Marchment. 1:30 of 1st period - Andrew Copp is hit by Dysin Mayo and loses puck. 1:52 of 1st period - Andrew Copp is hit by Dysin Mayo and loses puck. 2:08 of 1st period - Pavel Buchnevich is hit by Martin Fehervary. 2:28 of 1st period - Shot by Jack Drury. 2:28 of 1st period - Shot Blocked by Louie Belpedio. 2:30 of 1st period - Shot by Yakov Trenin. 2:30 of 1st period - Deflect By Jack Drury. 2:30 of 1st period - Shot Misses the Net. 3:02 of 1st period - Shot by Tyler Bertuzzi. 3:02 of 1st period - Stopped by Martin Jones with a rebound. 3:04 of 1st period - Shot by Oskar Sundqvist. 3:04 of 1st period - Shot Misses the Net. 3:19 of 1st period - Tyler Bertuzzi is hit by Gustav Lindstrom and loses puck. 3:22 of 1st period - Shot by Tyler Bertuzzi. 3:22 of 1st period - Stopped by Martin Jones with a rebound. 3:27 of 1st period - Icing by Isac Lundestrom. 3:28 of 1st period - Ryan Johansen wins face-off versus Noah Gregor in CALGARY FIREMEN zone. 3:28 of 1st period - Ryan Johansen is hit by Noah Gregor. 3:39 of 1st period - Icing by Isac Lundestrom. 3:40 of 1st period - Auston Matthews wins face-off versus Ryan Johansen in CALGARY FIREMEN zone. 3:45 of 1st period - Shot by Vladimir Tarasenko. 3:45 of 1st period - Stopped by Martin Jones with a rebound. 3:58 of 1st period - Icing by Vladimir Tarasenko. 3:59 of 1st period - Andrew Copp wins face-off versus Vladimir Tarasenko in KELOWNA ROCKETS zone. 4:06 of 1st period - Shot by Calle Jarnkrok. 4:06 of 1st period - Deflect By Mason Marchment. 4:06 of 1st period - Stopped by Carter Hart with a rebound. 4:08 of 1st period - Shot by Rasmus Sandin. 4:08 of 1st period - Stopped by Carter Hart without a rebound. 4:09 of 1st period - Brett Howden wins face-off versus Mark Jankowski in KELOWNA ROCKETS zone. 4:28 of 1st period - Shot by Parker Kelly. 4:28 of 1st period - Stopped by Martin Jones with a rebound. 4:30 of 1st period - Shot by Vladislav Gavrikov. 4:30 of 1st period - Shot Misses the Net. 4:32 of 1st period - Shot by Pavel Dorofeyev. 4:32 of 1st period - Goal by Pavel Dorofeyev - KELOWNA ROCKETS : 1 - CALGARY FIREMEN : 0. 4:33 of 1st period - Michael McCarron wins face-off versus Nick Bonino in neutral zone. 5:44 of 1st period - Shot by Mason Marchment. 5:44 of 1st period - Goal by Mason Marchment - KELOWNA ROCKETS : 1 - CALGARY FIREMEN : 1. 5:45 of 1st period - Andrew Copp wins face-off versus Auston Matthews in neutral zone. 6:29 of 1st period - Minor Penalty to Martin Fehervary for Hooking. 6:30 of 1st period - Parker Kelly wins face-off versus Andrew Copp in CALGARY FIREMEN zone. 7:40 of 1st period - Shot by Tyler Bertuzzi. 7:40 of 1st period - Shot Blocked by Jacob Bryson. 7:42 of 1st period - Shot by Oskar Sundqvist. 7:42 of 1st period - Stopped by Martin Jones without a rebound. 7:43 of 1st period - Mason Marchment wins face-off versus Parker Kelly in CALGARY FIREMEN zone. 8:36 of 1st period - Shot by Michael McCarron. 8:36 of 1st period - Shot Misses the Net. 8:48 of 1st period - Shot by Jack Drury. 8:48 of 1st period - Stopped by Carter Hart without a rebound. 8:49 of 1st period - Oskar Sundqvist wins face-off versus Isac Lundestrom in KELOWNA ROCKETS zone. 8:54 of 1st period - Isac Lundestrom is hit by Oskar Sundqvist and loses puck. 9:15 of 1st period - Icing by Martin Fehervary. 9:16 of 1st period - Ryan Johansen wins face-off versus Noah Gregor in CALGARY FIREMEN zone. 9:33 of 1st period - Martin Fehervary is hit by Noah Gregor and loses puck. 10:14 of 1st period - Shot by Pavel Dorofeyev. 10:14 of 1st period - Shot Misses the Net. 10:16 of 1st period - Shot by Parker Kelly. 10:16 of 1st period - Stopped by Martin Jones without a rebound. 10:17 of 1st period - Andrew Copp wins face-off versus Auston Matthews in CALGARY FIREMEN zone. 10:44 of 1st period - Icing by Andrew Copp. 10:45 of 1st period - Andrew Copp wins face-off versus Oskar Sundqvist in CALGARY FIREMEN zone. 11:17 of 1st period - Off-side. 11:18 of 1st period - Mark Jankowski wins face-off versus Jack Drury in neutral zone. 12:06 of 1st period - Minor Penalty to Vladimir Tarasenko for Hooking. 12:07 of 1st period - Andrew Copp wins face-off versus Oskar Sundqvist in KELOWNA ROCKETS zone. 12:31 of 1st period - Shot by Oskar Sundqvist. 12:31 of 1st period - Shot Misses the Net. 12:33 of 1st period - Shot by Erik Brannstrom. 12:33 of 1st period - Goal by Erik Brannstrom - KELOWNA ROCKETS : 2 - CALGARY FIREMEN : 1. 12:34 of 1st period - Oskar Sundqvist wins face-off versus Andrew Copp in neutral zone. 12:55 of 1st period - Shot by Mason Marchment. 12:55 of 1st period - Shot Misses the Net. 13:27 of 1st period - Shot by Jack Drury. 13:27 of 1st period - Stopped by Carter Hart with a rebound. 13:42 of 1st period - Shot by Michael McCarron. 13:42 of 1st period - Stopped by Carter Hart without a rebound. 13:43 of 1st period - Aatu Raty wins face-off versus Andrew Copp in KELOWNA ROCKETS zone. 14:14 of 1st period - Icing by Dakota Mermis. 14:15 of 1st period - Ryan Johansen wins face-off versus Noah Gregor in KELOWNA ROCKETS zone. 14:24 of 1st period - Shot by Logan Stankoven. 14:24 of 1st period - Deflect By Isac Lundestrom. 14:24 of 1st period - Shot Blocked by Dakota Mermis. 14:26 of 1st period - Shot by Logan Stankoven. 14:26 of 1st period - Shot Misses the Net. 14:28 of 1st period - Shot by Logan Stankoven. 14:28 of 1st period - Shot Blocked by Dakota Mermis. 14:30 of 1st period - Shot by Gustav Lindstrom. 14:30 of 1st period - Stopped by Carter Hart with a rebound. 15:34 of 1st period - Shot by Yakov Trenin. 15:34 of 1st period - Shot Misses the Net. 15:36 of 1st period - Shot by Martin Fehervary. 15:36 of 1st period - Shot Misses the Net. 16:16 of 1st period - Shot by Mason Marchment. 16:16 of 1st period - Stopped by Carter Hart with a rebound. 16:24 of 1st period - Shot by Calle Jarnkrok. 16:24 of 1st period - Stopped by Carter Hart without a rebound. 16:25 of 1st period - Ryan Johansen wins face-off versus Vladimir Tarasenko in KELOWNA ROCKETS zone. 16:25 of 1st period - Ryan Johansen is hit by Louie Belpedio. 16:28 of 1st period - Isac Lundestrom is hit by Louie Belpedio and loses puck. 16:34 of 1st period - Icing by Vladimir Tarasenko. 16:35 of 1st period - Ryan Johansen wins face-off versus Auston Matthews in KELOWNA ROCKETS zone. 16:43 of 1st period - Isac Lundestrom is hit by Louie Belpedio and loses puck. 17:50 of 1st period - Shot by Andrew Copp. 17:50 of 1st period - Stopped by Carter Hart without a rebound. 17:51 of 1st period - Mark Jankowski wins face-off versus Michael McCarron in KELOWNA ROCKETS zone. 17:51 of 1st period - Mark Jankowski is hit by Yakov Trenin. 18:23 of 1st period - Shot by Jack Drury. 18:23 of 1st period - Shot Misses the Net. 19:52 of 1st period - Shot by Isac Lundestrom. 19:52 of 1st period - Shot Misses the Net. 19:54 of 1st period - Shot by Olen Zellweger. 19:54 of 1st period - Shot Blocked by Auston Matthews. 19:56 of 1st period - Shot by Isac Lundestrom. 19:56 of 1st period - Shot Misses the Net. 19:58 of 1st period - Shot by Logan Stankoven. 19:58 of 1st period - Shot Blocked by Nick Bonino. Goals for this period are 2 for KELOWNA ROCKETS vs 1 for CALGARY FIREMEN. Shots for this period are 8 for KELOWNA ROCKETS vs 10 for CALGARY FIREMEN. 2nd period 0:01 of 2nd period - Oskar Sundqvist wins face-off versus Andrew Copp in neutral zone. 0:25 of 2nd period - Shot by Tyler Bertuzzi. 0:25 of 2nd period - Stopped by Martin Jones without a rebound. 0:26 of 2nd period - Jack Drury wins face-off versus Auston Matthews in CALGARY FIREMEN zone. 0:41 of 2nd period - Shot by Auston Matthews. 0:41 of 2nd period - Stopped by Martin Jones without a rebound. 0:42 of 2nd period - Brett Howden wins face-off versus Mark Jankowski in CALGARY FIREMEN zone. 0:54 of 2nd period - Icing by Vladislav Gavrikov. 0:55 of 2nd period - Jack Drury wins face-off versus Pavel Dorofeyev in KELOWNA ROCKETS zone. 1:51 of 2nd period - Erik Brannstrom is hit by Calle Jarnkrok and loses puck. 2:17 of 2nd period - Minor Penalty to Rasmus Sandin for Roughing. 2:18 of 2nd period - Oskar Sundqvist wins face-off versus Andrew Copp in CALGARY FIREMEN zone. 3:10 of 2nd period - Calle Jarnkrok is hit by Mike Reilly and loses puck. 3:48 of 2nd period - Shot by Pavel Buchnevich. 3:48 of 2nd period - Stopped by Martin Jones without a rebound. 3:49 of 2nd period - Mason Marchment wins face-off versus Parker Kelly in CALGARY FIREMEN zone. 5:09 of 2nd period - Shot by Pavel Buchnevich. 5:09 of 2nd period - Stopped by Martin Jones without a rebound. 5:10 of 2nd period - Mark Jankowski wins face-off versus Andrew Copp in CALGARY FIREMEN zone. 5:16 of 2nd period - Icing by Olen Zellweger. 5:17 of 2nd period - Andrew Copp wins face-off versus Auston Matthews in CALGARY FIREMEN zone. 5:17 of 2nd period - Andrew Copp is hit by Vladimir Tarasenko. 5:55 of 2nd period - Shot by Auston Matthews. 5:55 of 2nd period - Stopped by Martin Jones without a rebound. 5:56 of 2nd period - Ryan Johansen wins face-off versus Mark Jankowski in CALGARY FIREMEN zone. 6:17 of 2nd period - Shot by Logan Stankoven. 6:17 of 2nd period - Shot Misses the Net. 6:21 of 2nd period - Shot by Ryan Johansen. 6:21 of 2nd period - Shot Misses the Net. 6:23 of 2nd period - Shot by Logan Stankoven. 6:23 of 2nd period - Shot Blocked by Dakota Mermis. 6:25 of 2nd period - Shot by Logan Stankoven. 6:25 of 2nd period - Shot Misses the Net. 6:27 of 2nd period - Shot by Gustav Lindstrom. 6:27 of 2nd period - Stopped by Carter Hart without a rebound. 6:28 of 2nd period - Jack Drury wins face-off versus Oskar Sundqvist in KELOWNA ROCKETS zone. 6:35 of 2nd period - Nick Bonino is hit by Michael McCarron. 6:57 of 2nd period - Tyler Bertuzzi is hit by Ryan Graves and loses puck. 7:31 of 2nd period - Minor Penalty to Martin Fehervary for Tripping. 7:32 of 2nd period - Andrew Copp wins face-off versus Parker Kelly in CALGARY FIREMEN zone. 7:40 of 2nd period - Icing by Pavel Buchnevich. 7:41 of 2nd period - Andrew Copp wins face-off versus Parker Kelly in KELOWNA ROCKETS zone. 7:46 of 2nd period - Shot by Andrew Copp. 7:46 of 2nd period - Stopped by Carter Hart without a rebound. 7:47 of 2nd period - Andrew Copp wins face-off versus Parker Kelly in KELOWNA ROCKETS zone. 7:51 of 2nd period - Icing by Parker Kelly. 7:52 of 2nd period - Parker Kelly wins face-off versus Andrew Copp in KELOWNA ROCKETS zone. 7:59 of 2nd period - Rasmus Sandin is hit by Parker Kelly. 8:13 of 2nd period - Shot by Pavel Dorofeyev. 8:13 of 2nd period - Shot Misses the Net. 8:15 of 2nd period - Shot by Vladislav Gavrikov. 8:15 of 2nd period - Shot Misses the Net. 8:17 of 2nd period - Shot by Parker Kelly. 8:17 of 2nd period - Shot Misses the Net. 9:32 of 2nd period - Pavel Buchnevich is hit by Rasmus Sandin. 10:40 of 2nd period - Shot by Andrew Copp. 10:40 of 2nd period - Shot Misses the Net. 10:42 of 2nd period - Shot by Jacob Bryson. 10:42 of 2nd period - Stopped by Carter Hart without a rebound. 10:43 of 2nd period - Auston Matthews wins face-off versus Ryan Johansen in KELOWNA ROCKETS zone. 11:05 of 2nd period - Off-side. 11:06 of 2nd period - Oskar Sundqvist wins face-off versus Jack Drury in neutral zone. 11:29 of 2nd period - Shot by Tyler Bertuzzi. 11:29 of 2nd period - Stopped by Martin Jones without a rebound. 11:30 of 2nd period - Auston Matthews wins face-off versus Ryan Johansen in CALGARY FIREMEN zone. 11:38 of 2nd period - Shot by Auston Matthews. 11:38 of 2nd period - Stopped by Martin Jones with a rebound. 11:47 of 2nd period - Shot by Pavel Buchnevich. 11:47 of 2nd period - Stopped by Martin Jones with a rebound. 12:09 of 2nd period - Shot by Pavel Buchnevich. 12:09 of 2nd period - Stopped by Martin Jones without a rebound. 12:10 of 2nd period - Andrew Copp wins face-off versus Tyler Bertuzzi in CALGARY FIREMEN zone. 12:18 of 2nd period - Icing by Nick Bonino. 12:19 of 2nd period - Andrew Copp wins face-off versus Oskar Sundqvist in KELOWNA ROCKETS zone. 13:37 of 2nd period - Shot by Logan Stankoven. 13:37 of 2nd period - Stopped by Carter Hart without a rebound. 13:38 of 2nd period - Auston Matthews wins face-off versus Michael McCarron in KELOWNA ROCKETS zone. 14:03 of 2nd period - Shot by Auston Matthews. 14:03 of 2nd period - Stopped by Martin Jones with a rebound. 14:05 of 2nd period - Shot by Dakota Mermis. 14:05 of 2nd period - Stopped by Martin Jones with a rebound. 14:07 of 2nd period - Shot by Au